 Dungeon Crawl Stone Soup version 0.29-a0-296-gda187f2e07 (webtiles) character file.

Game seed: 1349785578750633630

3108 Crownlay the Spear-Bearer (level 9, -5/105 HPs)
             Began as a Minotaur Berserker on Mar 19, 2022.
             Was an Elder of Trog.
             Killed from afar by a deep elf pyromancer (13 damage)
             ... with a bolt of fire
             ... on level 7 of the Dungeon.
             The game lasted 00:08:30 (6259 turns).

Crownlay the Spear-Bearer (Minotaur Berserker)      Turns: 6259, Time: 00:08:31

Health: -5/105     AC: 17    Str: 25    XL:     9   Next: 60%
Magic:  8/8        EV: 11    Int:  4    God:    Trog [****..]
Gold:   594        SH:  0    Dex: 11    Spells: 8/8 levels left

rFire   . . .      SeeInvis .   p - +2 scythe (protect)
rCold   . . .      Faith    +   (shield currently unavailable)
rNeg    . . .      Spirit   .   u - +0 ring mail
rPois   .          Reflect  .   (helmet restricted)
rElec   .          Harm     .   w - +1 cloak
rCorr   .          Rampage  .   q - +0 pair of gloves
Will    .....                   (no boots)
Stlth   ..........              k - amulet of faith
HPRegen 0.27/turn               (no ring)
MPRegen 0.11/turn               (no ring)

@: berserking (expiring), under a protective aura, very quick
A: horns 2, retaliatory headbutt
a: Renounce Religion, Berserk, Trog's Hand, Brothers in Arms


You were on level 7 of the Dungeon.
You worshipped Trog.
Trog was greatly pleased with you.
You visited 1 branch of the dungeon, and saw 7 of its levels.

You collected 594 gold pieces.

Inventory:

Hand Weapons
 a - a +0 spear
 p - a +2 scythe of protection (weapon)
Missiles
 s - 2 throwing nets
 y - 7 javelins (quivered)
Armour
 q - a +0 pair of gloves (worn)
 u - a +0 ring mail (worn)
 w - a +1 cloak (worn)
Jewellery
 k - an amulet of faith (around neck)
 m - a ring of protection from fire
 t - a ring of protection from fire
Scrolls
 b - a scroll of enchant weapon {unknown}
 c - 3 scrolls of fog
 f - 3 scrolls of vulnerability
 j - a scroll of summoning {unknown}
 o - a scroll of teleportation {unknown}
 v - 3 scrolls of identify
 x - a scroll of torment {unknown}
 A - a scroll of noise {unknown}
 C - a scroll of enchant armour {unknown}
Potions
 d - 2 potions of mutation {unknown}
 e - a potion of cancellation {unknown}
 g - a potion of lignification {unknown}
 h - a potion of might {unknown}
 i - 2 potions of attraction {unknown}
 l - 4 potions of curing {unknown}
 n - a potion of ambrosia {unknown}
 r - 3 potions of haste
 z - 2 potions of heal wounds {unknown}
 B - a potion of magic {unknown}
 D - a potion of berserk rage {unknown}


   Skills:
 - Level 3.6 Fighting
 * Level 14.4 Polearms
 + Level 8.0 Armour
 - Level 2.1 Dodging


You had 8 spell levels left.
You didn't know any spells.
Your spell library was empty.

Dungeon Overview and Level Annotations

Branches:
Dungeon (7/15)             Temple (0/1) D:5

Altars:
Hepliaklqana
Nemelex Xobeh
Xom
Yredelemnul
Zin

Annotations:
D:4 1 runed translucent door


Innate Abilities, Weirdness & Mutations

You have a pair of horns on your head.
You reflexively headbutt those who attack you in melee.


Message History

Something bites you!
Something draws strength from your injuries!
You closely miss something. Your headbutt misses something.
The black bear bites you but does no damage.
The black bear barely misses you. x2; Something hits you but does no damage.
Something draws life force from you.
* * * LOW HITPOINT WARNING * * *
You completely miss something. Something hits you but does no damage.
The black bear bites you but does no damage.
The black bear barely misses you.
The black bear claws you but does no damage.
Something hits you but does no damage. Something completely misses you.
You barely miss the deep elf pyromancer.
Your headbutt misses the deep elf pyromancer.
You closely miss the deep elf pyromancer.
You headbutt the deep elf pyromancer!!
The deep elf pyromancer is heavily wounded.
Something hits you but does no damage. Something hits you!
* * * LOW HITPOINT WARNING * * *
Something bites you.
* * * LOW HITPOINT WARNING * * *
Something draws strength from your injuries!
The black bear bites you but does no damage.
The black bear claws you.
* * * LOW HITPOINT WARNING * * *
The black bear claws you.
* * * LOW HITPOINT WARNING * * *
The deep elf pyromancer completely misses you.
You slash the deep elf pyromancer!
Your weapon exudes an aura of protection.
You headbutt the deep elf pyromancer!
The deep elf pyromancer is almost dead.
Something hits you but does no damage. The black bear barely misses you.
The black bear claws you.
* * * LOW HITPOINT WARNING * * *
The black bear closely misses you. Something hits you but does no damage.
Something bites you but does no damage.
The deep elf pyromancer points at you and mumbles some strange words.
The bolt of fire hits you!
You die...

.............#
.......(.............##
......<...............#
......................#
...........##.........#
.....................#
.....................#
...######......h{....##
......###......e@.....#
......#........{......#
......#........##.....#
.......))......# .....#
.......))).....# .....#
....#8#.#8#....# ######
....###'###....#
....###.###....#
....#)'.'.######


You could see a deep elf pyromancer and a black bear.

Vanquished Creatures
  Grinder (D:3)
  Sigmund (D:3)
  A wyvern (D:6)
  A water moccasin (D:7)
  An ice beast (D:5)
  2 sky beasts (D:6)
  A hornet zombie (D:7)
  2 ogres (D:6)
  A centaur (D:5)
  3 phantoms
  The ghost of Athor the Shield-Bearer, an amateur VSFi (D:4)
  A bullfrog (D:4)
  3 necrophages (D:7)
  7 wights (D:7)
  2 howler monkeys
  2 bullfrog zombies (D:7)
  A centaur zombie (D:7)
  5 hounds
  A human zombie (D:7)
  An orc priest (D:6)
  Natasha (thrice) (D:3)
  An iguana (D:5)
  4 orc wizards
  A killer bee zombie (D:7)
  A mummy (D:7)
  12 adders
  7 gnolls
  A river rat (D:4)
  A shadow imp (D:6)
  2 white imps (D:5)
  2 ufetubi (D:5)
  2 worms
  6 dart slugs
  18 orcs
  3 ball pythons
  9 bats
  3 endoplasms
  3 giant cockroaches
  7 goblins
  5 hobgoblins
  7 jackals
  11 kobolds
  4 frilled lizards
  6 rats
  2 toadstools (D:1)
159 creatures vanquished.

Vanquished Creatures (others)
  5 dream sheep (D:3)
  11 plants (D:5)
  2 toadstools (D:1)
18 creatures vanquished.

Grand Total: 177 creatures vanquished

Notes
Turn   | Place    | Note
-------+----------+-------------------------------------------
     0 | D:1      | Crownlay the Minotaur Berserker began the quest for the
                  | Orb.
     0 | D:1      | Reached XP level 1. HP: 19/19 MP: 0/0
    66 | D:1      | Reached skill level 4 in Polearms
   170 | D:1      | Reached XP level 2. HP: 15/26 MP: 1/1
   598 | D:1      | Reached skill level 5 in Polearms
   615 | D:1      | Reached XP level 3. HP: 13/31 MP: 2/2
   971 | D:1      | Reached ** piety under Trog
  1056 | D:2      | Reached XP level 4. HP: 22/39 MP: 3/3
  1420 | D:2      | Reached skill level 6 in Polearms
  1667 | D:2      | Found a glowing silver altar of Zin.
  1741 | D:2      | Found a faded altar of an unknown god.
  2155 | D:3      | Noticed a dream sheep
  2155 | D:3      | Noticed a dream sheep
  2155 | D:3      | Noticed a dream sheep
  2155 | D:3      | Noticed a dream sheep
  2155 | D:3      | Noticed a dream sheep
  2155 | D:3      | Found a shimmering altar of Xom.
  2158 | D:3      | Killed a dream sheep
  2158 | D:3      | Killed a dream sheep
  2158 | D:3      | Killed a dream sheep
  2159 | D:3      | Reached XP level 5. HP: 28/45 MP: 4/4
  2161 | D:3      | Killed a dream sheep
  2162 | D:3      | Killed a dream sheep
  2233 | D:3      | Reached skill level 7 in Polearms
  2304 | D:3      | Found a glowing silver altar of Zin.
  2305 | D:3      | Noticed Natasha
  2308 | D:3      | Killed Natasha
  2425 | D:3      | Noticed Natasha
  2441 | D:3      | Killed Natasha
  2442 | D:3      | Reached XP level 6. HP: 42/51 MP: 5/5
  2714 | D:3      | Noticed Grinder
  2726 | D:3      | Killed Grinder
  2727 | D:3      | Reached skill level 8 in Polearms
  2727 | D:3      | Reached skill level 5 in Armour
  2948 | D:3      | Noticed Sigmund
  2958 | D:3      | Killed Sigmund
  2959 | D:3      | Reached skill level 9 in Polearms
  2959 | D:3      | Reached XP level 7. HP: 57/57 MP: 6/6
  3017 | D:3      | Noticed Natasha
  3021 | D:3      | Killed Natasha
  3228 | D:4      | Found a runed translucent door.
  3273 | D:4      | Reached skill level 10 in Polearms
  3515 | D:4      | Found a runed translucent door.
  3520 | D:4      | Noticed Athor's ghost (amateur VSFi)
  3648 | D:4      | Killed Athor's ghost
  3649 | D:4      | Reached XP level 8. HP: 64/64 MP: 7/7
  3948 | D:5      | Entered Level 5 of the Dungeon
  4032 | D:5      | Reached skill level 11 in Polearms
  4234 | D:5      | Reached *** piety under Trog
  4781 | D:5      | Found a hazy altar of Hepliaklqana.
  4840 | D:5      | Reached skill level 12 in Polearms
  5113 | D:5      | Found a staircase to the Ecumenical Temple.
  5416 | D:6      | Reached skill level 13 in Polearms
  5422 | D:6      | Reached XP level 9. HP: 54/70 MP: 8/8
  5696 | D:6      | Reached **** piety under Trog
  5799 | D:6      | Found a sparkling altar of Nemelex Xobeh.
  6130 | D:7      | Found a basalt altar of Yredelemnul.
  6136 | D:7      | Reached skill level 14 in Polearms
  6252 | D:7      | Noticed a deep elf pyromancer
  6259 | D:7      | Killed from afar by a deep elf pyromancer

Illustrated notes

Levels and vault maps discovered:
D:1:      saegor_arrival_simple_d, layout_basic, minmay_gold_behind_fungi
D:2:      layout_loops_ring, basic_altar, ebering_ecumenical_altar_sacrificial,
          kennysheep_generic_room_7
D:3:      layout_loops_ring, nicolae_overflow_crystal_walls,
          kb_xom_exploding_sheep, minmay_puff, uniq_natasha, uniq_grinder,
          uniq_sigmund
D:4:      layout_loops_ring, ebering_ghost_sewer_f, serial_park_tiny_1,
          minmay_misc_feat_hallway
D:5:      minmay_inner_zag, layout_basic, mainiacjoe_overflow_alcove_4,
          minmay_temple_entry_enclosed_plants
D:6:      layout_basic, lemuel_coloured_pillars_altar
D:7:      layout_basic, amethyst_overflow_temple_binary,
          mainiacjoe_overflow_paths, lemuel_mausoleum_altar_yredelemnul,
          kennysheep_cluttered_room, uniq_pikel, uniq_prince_ribbit1

Skill      XL: |  1  2  3  4  5  6  7  8  9 |
---------------+----------------------------+-----
Polearms       | 4 5 6 7 9 10 13 14 | 14.4
Armour         | 3 4 5 6 8 |  8.0
Fighting       | |  3.6
Dodging        | |  2.1

Action                   |  1- 3 |  4- 6 |  7- 9 || total
-------------------------+-------+-------+-------++-------
Melee: Spear             |    86 |   116 |     2 ||   204
       Headbutt          |     5 |    11 |    41 ||    57
       Scythe            |       |       |   259 ||   259
Invok: Berserk           |     2 |     3 |     4 ||     9
       Trog's Hand       |       |     2 |     2 ||     4
  Use: Scroll            |       |       |     3 ||     3
 Stab: Sleeping          |     1 |       |     2 ||     3
Armor: Animal skin       |     9 |     8 |    19 ||    36
       Ring mail         |       |       |   130 ||   130
Dodge: Dodged            |    29 |    47 |   183 ||   259

Table legend: (Time is in decaauts)
 A = Elapsed time spent in this place.
 B = Non-inter-level travel time spent in this place.
 C = Inter-level travel time spent in this place.
 D = Time resting spent in this place.
 E = Time spent auto-exploring this place.
 F = Levels seen in this place.
 G = Mean time per level.
                   A        B        C        D        E       F      G
               +--------+--------+--------+--------+--------+-----+--------+
         Total |   6391 |   6283 |    108 |      0 |   5249 |   7 |  913.0 |
       Dungeon |   6391 |   6283 |    108 |      0 |   5249 |   7 |  913.0 |
               +--------+--------+--------+--------+--------+-----+--------+

Top non-repeatable levels by time:
     D:5: 1346 daAuts
     D:3: 1279 daAuts
     D:1: 988 daAuts
     D:2: 924 daAuts
     D:4: 807 daAuts
     D:6: 756 daAuts
     D:7: 288 daAuts
